AoeStats
← Ouki-San

Arabia

506316981Analyzed
2v2 RM · 20d ago on Sep 13, 2026· 34m 41s· 4 players
Game mode
Random Map
Map size
Medium (4 player)
Population
200
Speed
Normal
Resources
Standard
Victory
Conquest
Starting age
Dark Age
Ending age
Imperial Age
RankedLock teamsTeams togetherTeam positionsShared explorationLock speedFull tech treeHidden civsTurbo modeCheats
Victory
Defeat
🇲🇽 Malay · Mexico
1254
+16
🇺🇸 Japanese · United States
1207
+18
🇫🇷 Persians · France
1248
-17
🇦🇺 Ethiopians · Australia
1241
-17
NaginiKill
10:55 Feudal Age
10:56 Man-at-Arms
12:14 Loom
25:18 Fletching
25:28 Padded Archer Armor
30:33 Castle Age
30:48 Crossbowman
31:47 Pikeman
[inkas'A] jony567
4:05 Loom
11:08 Feudal Age
10:44 Town Watch
10:52 Double-Bit Axe
18:36 Forging
19:15 Scale Barding Armor
23:17 Castle Age
21:15 Horse Collar
21:34 Gold Mining
23:27 Husbandry
24:33 Bow Saw
24:31 Heavy Plow
25:30 Wheelbarrow
26:03 Iron Casting
30:33 Fletching
31:48 Bodkin Arrow
Ouki-San
7:06 Loom
9:22 Feudal Age
9:55 Double-Bit Axe
12:23 Town Watch
12:57 Horse Collar
17:15 Gold Mining
20:38 Scale Barding Armor
23:05 Castle Age
22:17 Bloodlines
22:19 Forging
24:03 Chain Barding Armor
23:56 Bow Saw
23:56 Husbandry
23:36 Light Cavalry
29:41 Wheelbarrow
SixtyNice
8:09 Loom
10:22 Feudal Age
14:08 Fletching
17:15 Double-Bit Axe
31:51 Castle Age
31:56 Crossbowman
32:43 Bodkin Arrow
32:49 Padded Archer Armor
Connection lost

Rejoining the realm…

Still unreachable

The connection could not be restored.

Session expired

The server has moved on; the page needs a fresh start.